 Dungeon Crawl Stone Soup version 0.23.2-1-ga50397a (webtiles) character file.

Game seed: 10549409947423166655

138363 Borgoz the Executioner (level 16, -1/130 (135) HPs)
             Began as a Minotaur Berserker on May 25, 2019.
             Was the Champion of Trog.
             Slain by Borgoz's illusion (10 damage)
             ... woven by Mara
             ... on level 3 of the Swamp.
             The game lasted 01:15:57 (29029 turns).

Borgoz the Executioner (Minotaur Berserker)        Turns: 29029, Time: 01:15:58

HP:   -1/130 (135)  AC: 36    Str: 30      XL:     16   Next: 71%
MP:   16/16         EV: 14    Int:  5      God:    Trog [******]
Gold: 2026          SH:  0    Dex:  9 (10) Spells: 15/15 levels left

rFire    . . .     SeeInvis .   a - +9 executioner's axe (vamp)
rCold    . . .     Gourm    .   (shield currently unavailable)
rNeg     + . .     Faith    +   i - +9 plate armour of the Undertaker {*Slow rPois rN+ Slay+2}
rPois    +         Spirit   .   (helmet restricted)
rElec    .         Reflect  .   u - +0 cloak {rPois}
rCorr    .         Harm     .   w - +2 pair of gloves {archery}
MR       ++++.                  C - +2 pair of boots
Stlth    ..........             k - amulet of faith
HPRegen  1.31/turn              F - ring of Haubenta {AC+1 Str+4 Stlth+}
MPRegen  0.15/turn              n - ring of protection from magic

@: berserk cooldown, regenerating, slowed, very slow
A: retaliatory headbutt, horns 2, deterioration 1, frail 1, low mp 1, weak 1
a: Berserk, Trog's Hand, Brothers in Arms, Renounce Religion


You were on level 3 of the Swamp.
You worshipped Trog.
Trog was exalted by your worship.
You were not hungry.

You visited 5 branches of the dungeon, and saw 27 of its levels.

You collected 2822 gold pieces.
You spent 796 gold pieces at shops.

Inventory:

Hand Weapons
 a - a +9 vampiric executioner's axe (weapon)
 r - the +5 trident of the Lair of Beasts {drain, Int+3}
   (You found it on level 2 of the Swamp)

   A truly terrible weapon, it drains the life of those it strikes.
   It affects your intelligence (+3).
Armour
 b - +0 swamp dragon scales
 h - +0 ice dragon scales
 i - the +9 plate armour of the Undertaker (worn) {*Slow rPois rN+ Slay+2}
   (You found it on level 6 of the Lair of Beasts)

   It affects your accuracy and damage with ranged weapons and melee attacks
   (+2).
   It protects you from poison.
   It protects you from negative energy.
   It may slow you when you take damage.
 q - +0 shadow dragon scales
 u - a +0 cloak of poison resistance (worn)
 w - a +2 pair of gloves of archery (worn)
 x - +4 storm dragon scales {Bai Suzhen}
 C - a +2 pair of boots (worn)
 I - a +0 shield of reflection
 N - a +0 chain mail of fire resistance
Jewellery
 k - an amulet of faith (around neck)
 m - an uncursed amulet of regeneration
 n - a ring of protection from magic (right hand)
 y - an uncursed ring of resist corrosion
 F - the ring of Haubenta (left hand) {AC+1 Str+4 Stlth+}
   (You found it on level 4 of the Lair of Beasts)

   [ring of protection]

   It affects your AC (+1).
   It affects your strength (+4).
   It makes you more stealthy.
 X - an uncursed amulet of rage
Wands
 l - a wand of disintegration (12)
 z - a wand of iceblast (21)
 E - a wand of acid (21)
 H - a wand of polymorph (7)
 O - a wand of digging (3)
 V - a wand of scattershot (3)
 Y - a wand of paralysis (13)
Scrolls
 e - a scroll of fog
 g - 12 scrolls of teleportation
 j - 4 scrolls of blinking
 A - 10 scrolls of remove curse
 B - a scroll of enchant weapon
 K - a scroll of summoning
 L - 2 scrolls of fear
 M - 2 scrolls of silence
 P - 4 scrolls of magic mapping
Potions
 d - a potion of resistance
 f - 9 potions of curing
 o - 3 potions of berserk rage
 s - 3 potions of heal wounds
 t - 6 potions of flight
 v - 3 potions of haste
 G - 2 potions of might
 U - 2 potions of agility
Comestibles
 c - 42 rations


   Skills:
 + Level 15.9 Fighting
 * Level 21.1 Axes
 + Level 15.7 Armour
 + Level 14.6 Dodging
 + Level 4.8 Evocations


You had 15 spell levels left.
You didn't know any spells.
Your spell library was empty.

Dungeon Overview and Level Annotations

Branches:
Dungeon (15/15)            Temple (1/1) D:6            Lair (6/6) D:11
  Swamp (3/4) Lair:4        Snake (0/4) Lair:2        Slime (0/5) Lair:5
    Orc (2/2) D:12            Elf (0/3) Orc:2        Vaults (0/5) D:13
 Depths (0/5) D:15

Altars:
Ashenzari
Cheibriados
Dithmenos
Elyvilon
Fedhas
Gozag
Hepliaklqana
Kikubaaqudgha
Makhleb
Nemelex Xobeh
Okawaru
Qazlal
Ru
Sif Muna
Trog
Uskayaw
Vehumet
Wu Jian
Xom
Yredelemnul
Zin
The Shining One
Beogh

Shops:
D:4 *   D:6 *   D:7 ?   D:8 (   D:9 [   D:12 *   D:15 [   Orc:1 }   Orc:2 ?%%!=

Annotations:
Swamp:3 Mara


Innate Abilities, Weirdness & Mutations

You reflexively headbutt those who attack you in melee.
You have a pair of horns on your head.
Your body sometimes deteriorates upon taking damage.
You are frail. (-10% HP)
Your magical capacity is low. (-10% MP)
You are weak. (Str -2)


Message History

* * * LOW HITPOINT WARNING * * *
Your body deteriorates!
You feel clumsy. Mara hits you but does no damage.
Eat a chunk of flesh? (ye/n/q)
You eat the chunk of flesh.
This raw flesh tastes terrible.
Mara blinks! x2
You slash Mara! You headbutt Mara.
Mara is lightly wounded.
Mara hits you but does no damage. Mara gestures at you.
The bolt of fire hits you!!
* * * LOW HITPOINT WARNING * * *
The bolt of fire hits Mara.
Mara resists.
You barely miss Mara.
Mara is lightly wounded.
You closely miss Borgoz's illusion. Mara hits you but does no damage.
You carve Mara like a ham!!! You headbutt Mara, but do no damage.
Mara is moderately wounded.
You barely miss Borgoz's illusion. Mara hits you but does no damage.
Borgoz's illusion hits you!
You die...

♣≈≈♣♣ ♣♣♣♣♣♣ ♣≈PP.. ♣♣..♣♣♣
♣≈..≈♣♣♣≈.♣P.♣ ♣.≈≈♣≈♣
♣.≈≈.♣≈...P♣≈≈ ≈ ♣..≈≈.♣
♣≈≈.♣..≈≈.P.≈ ≈♣♣ ♣♣.≈≈§♣
♣≈≈.)§≈≈≈PP♣ ♣..♣♣♣♣♣.§≈.♣
♣♣.§..≈≈≈.≈♣♣ ..≈.♣..≈.≈≈♣♣
♣≈.......≈♣♣
≈.≈≈≈≈♣.^≈.♣♣♣♣♣♣.≈...<≈♣.≈.
♣♣.≈≈≈....≈≈.♣♣R@R≈≈≈.≈♣♣
≈.♣ ≈♣≈≈≈≈..♣.(≈.♣R@≈≈≈≈.♣♣♣
.. ♣♣♣.≈≈.♣♣..≈...≈≈≈≈≈.♣ .
♣♣≈..≈≈♣♣.≈≈≈..≈≈≈≈≈≈♣
♣♣♣♣≈.≈♣♣≈≈≈≈♣♣.≈≈≈≈.≈♣ ♣
♣≈≈.♣♣♣.≈≈≈♣♣..≈≈..♣♣
♣♣≈≈≈≈♣ ♣....♣♣♣♣..♣§..
♣♣≈≈≈.♣ ♣♣≈♣♣. ♣♣♣.≈≈
♣♣≈≈≈≈♣ ♣♣♣ ≈≈


You could see 3 Maras and Borgoz's illusion.

Vanquished Creatures
  Bai Suzhen (Swamp:3)
  Rupert (Lair:4)
  Frances (D:14)
  3 thorn hunters
  Donald (Swamp:3)
  Aizul (Swamp:2)
  A very ugly thing (Swamp:1)
  The ghost of dvd the Scorcher, a journeyman OpFE of Vehumet (Lair:2)
  An ettin (D:12)
  2 fire dragons
  Josephine (D:10)
  An ice dragon (D:15)
  16 hydras
  Erolcha (D:10)
  Erica (D:8)
  3 vault guards (D:13)
  3 catoblepae (Lair:6)
  A centaur warrior (D:14)
  4 tengu warriors (D:15)
  15 alligators
  An ogre mage (D:11)
  6 two-headed ogres
  3 death yaks (Lair:6)
  7 orc high priests (Orc:2)
  Nergalle (D:10)
  3 skeletal warriors (D:15)
  2 swamp dragons (Swamp:2)
  A wizard (D:13)
  A death drake (Swamp:2)
  2 unseen horrors
  4 spectral hydras (Swamp:2)
  Pikel (D:9)
  2 orc knights (D:13)
  A necromancer (Swamp:2)
  The ghost of dscm the Cleaver, a novice FoFi (D:6)
  7 ugly things
  7 oklob plants
  2 orc sorcerers (D:11)
  7 manticores
  2 cyclopes
  6 elephants (Lair:6)
  Maurice (D:8)
  Joseph (D:8)
  2 black mambas
  Psyche (D:8)
  17 spiny frogs
  2 centaur skeletons
  3 gargoyles
  6 rime drakes
  5 swamp worm zombies (Swamp:2)
  15 komodo dragons
  A freezing wraith (Swamp:2)
  3 yaktaurs (D:13)
  A kobold demonologist (D:11)
  A troll (shapeshifter) (D:13)
  A tengu conjurer (D:13)
  5 polar bears
  3 tyrant leeches
  A meliai (D:11)
  6 hornets
  Prince Ribbit (D:7)
  5 trolls
  14 bog bodies
  13 hippogriffs
  5 slime creatures (Swamp:1)
  2 spectral swamp dragons (Swamp:2)
  3 alligator zombies (Swamp:2)
  8 blink frogs
  A spriggan (Swamp:2)
  4 shadows
  8 wyverns
  41 yaks
  2 vampires
  5 wraiths
  7 basilisks
  20 vampire mosquitoes
  2 hungry ghosts
  3 nagas (Lair:2)
  6 wargs (Orc:2)
  3 acid dragons
  A soldier ant (D:11)
  12 swamp worms
  6 spiny frog zombies (Swamp:2)
  A hell hound (Lair:5)
  10 water moccasins
  5 porcupines
  Duvessa (D:7)
  A hornet zombie (D:15)
  4 sky beasts
  4 slaves (D:9)
  5 black bears
  2 phantoms (D:13)
  7 ice beasts
  8 orc warriors
  8 necrophages
  7 wolves
  10 centaurs
  9 ogres
  6 crocodiles
  3 big kobolds
  9 bullfrogs
  5 scorpions
  A spriggan zombie (Swamp:2)
  Dowan (D:7)
  2 troll zombies (Swamp:2)
  4 killer bees (D:10)
  2 electric eels
  3 howler monkeys
  2 bullfrog zombies
  5 centaur zombies
  5 crimson imps
  7 jellies
  7 hounds
  32 orc priests
  4 bullfrog skeletons
  9 iguanas
  8 orc wizards
  9 worker ants
  A statue (D:8)
  A hound skeleton (D:11)
  A howler monkey zombie (D:5)
  A worker ant zombie (D:9)
  A howler monkey skeleton (D:6)
  14 adders
  2 shadow imps
  5 oozes (D:10)
  2 adder skeletons
  3 worms
  A dart slug (D:1)
  5 leopard geckos
  68 orcs
  9 bats
  7 giant cockroaches
  5 hobgoblins (D:1)
  11 jackals
  29 kobolds
  3 quokkas
  A ball python (D:4)
  5 frilled lizards
  10 goblins
  A quokka skeleton (D:9)
  5 rats
  3 briar patches (Swamp:3)
  17 fungi
  7 plants
  3 withered plants (Swamp:2)
800 creatures vanquished.

Vanquished Creatures (others)
  A bog body (Swamp:2)
  A quokka (D:10)
  5 fungi
  4 plants
11 creatures vanquished.

Grand Total: 811 creatures vanquished

Notes
Turn   | Place    | Note
-------+----------+-------------------------------------------
     0 | D:1      | Borgoz the Minotaur Berserker began the quest for the Orb.
     0 | D:1      | Reached XP level 1. HP: 19/19 MP: 0/0
   115 | D:1      | Reached XP level 2. HP: 16/27 MP: 1/1
   280 | D:1      | Reached skill level 4 in Axes
   471 | D:1      | Reached XP level 3. HP: 33/33 MP: 2/2
   474 | D:1      | Reached ** piety under Trog
  1156 | D:2      | Found a glowing silver altar of Zin.
  1236 | D:2      | Reached XP level 4. HP: 33/40 MP: 3/3
  1784 | D:2      | Reached skill level 5 in Axes
  1912 | D:3      | Noticed an ice beast
  1934 | D:3      | Killed an ice beast
  1934 | D:3      | Reached XP level 5. HP: 30/47 MP: 4/4
  2364 | D:3      | Reached *** piety under Trog
  2403 | D:3      | Found a basalt altar of Yredelemnul.
  2564 | D:3      | Found a white marble altar of Elyvilon.
  2959 | D:4      | Reached skill level 6 in Axes
  2959 | D:4      | Reached XP level 6. HP: 54/55 MP: 5/5
  3080 | D:4      | Found Vupsoh's Assorted Antiques.
  3088 | D:4      | Bought a scroll labeled URPHICW DIPLE for 24 gold pieces
  3251 | D:5      | Entered Level 5 of the Dungeon
  3251 | D:5      | Noticed an ice beast
  3261 | D:5      | Reached skill level 5 in Fighting
  3267 | D:5      | Killed an ice beast
  3337 | D:5      | Reached XP level 7. HP: 49/61 MP: 6/6
  3479 | D:5      | Reached skill level 7 in Axes
  3671 | D:5      | Found a burning altar of Makhleb.
  3673 | D:5      | Reached **** piety under Trog
  3673 | D:5      | Reached skill level 5 in Armour
  3841 | D:6      | Found a staircase to the Ecumenical Temple.
  3972 | Temple   | Entered the Ecumenical Temple
  4069 | D:6      | Got a shimmering robe
  4094 | D:6      | Reached skill level 8 in Axes
  4094 | D:6      | Reached XP level 8. HP: 65/70 MP: 7/7
  4188 | D:6      | Found a runed translucent door.
  4209 | D:6      | Reached skill level 5 in Dodging
  4278 | D:6      | Found Lokhlob's Assorted Antiques.
  4293 | D:6      | Bought a scroll of identify for 56 gold pieces
  4293 | D:6      | Bought a pair of runed gloves for 210 gold pieces
  4865 | D:6      | Noticed dscm's ghost (novice FoFi)
  4881 | D:7      | Found Ibroe's Magic Scroll Shoppe.
  4895 | D:7      | Found a sparkling altar of Nemelex Xobeh.
  4976 | D:7      | Reached skill level 9 in Axes
  5004 | D:7      | Noticed Duvessa
  5005 | D:7      | Noticed Dowan
  5012 | D:7      | Killed Dowan
  5021 | D:7      | Killed Duvessa
  5532 | D:7      | Noticed Prince Ribbit
  5539 | D:7      | Killed Prince Ribbit
  5539 | D:7      | Reached XP level 9. HP: 74/78 MP: 8/8
  5875 | D:8      | Noticed Erica
  5899 | D:8      | Killed Erica
  5899 | D:8      | Reached skill level 10 in Axes
  6017 | D:8      | Found a radiant altar of Vehumet.
  6213 | D:8      | Noticed Maurice
  6323 | D:8      | Found a sacrificial altar of Ru.
  6323 | D:8      | Noticed Joseph
  6333 | D:8      | Noticed a two-headed ogre
  6341 | D:8      | Killed Joseph
  6341 | D:8      | Reached skill level 11 in Axes
  6354 | D:8      | Killed a two-headed ogre
  6354 | D:8      | Reached XP level 10. HP: 55/89 MP: 9/9
  6369 | D:8      | Found a hazy altar of Hepliaklqana.
  6375 | D:8      | Killed Maurice
  6646 | D:8      | Found a blossoming altar of Fedhas.
  6647 | D:8      | Found an ancient bone altar of Kikubaaqudgha.
  6705 | D:8      | Noticed Psyche
  6712 | D:8      | Killed Psyche
  6888 | D:8      | Found Ynyv's Antique Weapon Boutique.
  7073 | D:9      | Got a warped leather armour
  7109 | D:9      | Reached skill level 12 in Axes
  7398 | D:9      | Found Diqomol's Antique Armour Shop.
  7431 | D:9      | Identified the +0 robe "Sounuttu" {rElec rF++ rN+} (You
                  | found it on level 6 of the Dungeon)
  7441 | D:9      | Identified the +3 leather armour of the Three Gods {*Drain
                  | rPois rCorr SInv} (You found it on level 9 of the Dungeon)
  7493 | D:9      | Noticed Pikel
  7514 | D:9      | Killed Pikel
  7703 | D:9      | Reached ***** piety under Trog
  7858 | D:10     | Entered Level 10 of the Dungeon
  7863 | D:10     | Noticed Josephine
  7874 | D:10     | Killed Josephine
  7874 | D:10     | Reached skill level 13 in Axes
  7874 | D:10     | Reached XP level 11. HP: 77/98 MP: 10/10
  7990 | D:10     | Noticed a two-headed ogre
  7997 | D:10     | Killed a two-headed ogre
  7997 | D:10     | Reached skill level 10 in Fighting
  8410 | D:10     | Reached skill level 10 in Armour
  8492 | D:10     | Received a gift from Trog
  8802 | D:10     | Found a radiant altar of Vehumet.
  8810 | D:10     | Noticed Erolcha
  8821 | D:10     | Killed Erolcha
  9344 | D:10     | Reached skill level 14 in Axes
  9479 | D:10     | Noticed Nergalle
  9489 | D:10     | Killed Nergalle
  9773 | D:6      | Killed dscm's ghost
 10000 | D:9      | Bought a jewelled chain mail for 275 gold pieces
 10010 | D:9      | Identified the cursed +1 chain mail "Laisisk" {*Contam
                  | rElec Int+2 Dex+6} (You bought it in a shop on level 9 of
                  | the Dungeon)
 10103 | D:11     | Noticed an eight-headed hydra
 10111 | D:11     | Noticed an orc sorcerer
 10114 | D:11     | Noticed a sun demon
 10115 | D:11     | Noticed an orc sorcerer
 10117 | D:11     | Killed a three-headed hydra
 10117 | D:11     | Reached XP level 12. HP: 76/110 MP: 11/11
 10126 | D:11     | Reached skill level 10 in Dodging
 10128 | D:11     | HP: 8/165 [sun demon[an orc sorcerer] (11)]
 10787 | D:11     | Reached skill level 15 in Axes
 10922 | D:11     | Found a staircase to the Lair.
 11003 | D:11     | Noticed an ogre mage
 11009 | D:11     | Killed an ogre mage
 11239 | D:11     | Noticed a two-headed ogre
 11245 | D:11     | Killed a two-headed ogre
 11685 | D:12     | Found Qirphotz's Assorted Antiques.
 11695 | D:12     | Bought a scroll of identify for 58 gold pieces
 11695 | D:12     | Bought 2 scrolls of identify for 116 gold pieces
 11695 | D:12     | Bought a scroll labeled ERIELARUES for 29 gold pieces
 11748 | D:12     | Found a staircase to the Orcish Mines.
 12226 | D:13     | Noticed a two-headed ogre
 12235 | D:13     | Killed a two-headed ogre
 12248 | D:13     | Reached skill level 16 in Axes
 12379 | D:13     | Noticed a vault guard
 12394 | D:13     | Noticed an eight-headed hydra
 12412 | D:13     | Killed a three-headed hydra
 12655 | D:13     | Reached XP level 13. HP: 86/118 MP: 12/12
 12905 | D:13     | Received a gift from Trog
 13664 | D:13     | Found a gate to the Vaults.
 14145 | D:14     | Reached skill level 17 in Axes
 14215 | D:14     | Noticed Frances
 14225 | D:14     | Killed Frances
 14729 | D:15     | Entered Level 15 of the Dungeon
 14931 | D:15     | Noticed a fire dragon
 14944 | D:15     | Killed a fire dragon
 15233 | D:15     | Found a staircase to the Depths.
 15555 | D:15     | Reached XP level 14. HP: 129/129 MP: 13/13
 15710 | D:15     | Found Cheibriados's Comfort Zone.
 15710 | D:15     | Found a snail-covered altar of Cheibriados.
 16238 | Orc:1    | Entered Level 1 of the Orcish Mines
 16249 | D:12     | Received a gift from Trog
 16547 | Orc:1    | Found Utum's Gadget Shoppe.
 16789 | Orc:2    | Entered Level 2 of the Orcish Mines
 16836 | Orc:2    | Reached skill level 18 in Axes
 16932 | Orc:2    | Found a roughly hewn altar of Beogh.
 17102 | Orc:2    | Found a staircase to the Elven Halls.
 17241 | Orc:2    | Found a roughly hewn altar of Beogh.
 17273 | Orc:2    | Found Rekk's Food Emporium.
 17311 | Orc:2    | Found Mizaewag's Food Boutique.
 17473 | Orc:2    | Found Jimmecw's Magic Scroll Boutique.
 17480 | Orc:2    | Bought a scroll of identify for 28 gold pieces
 17721 | Orc:2    | Found Hehoicor's Jewellery Emporium.
 17749 | Orc:2    | Found Konougupn's Distillery.
 18034 | Lair:1   | Entered Level 1 of the Lair of Beasts
 18836 | Lair:2   | Found a runed translucent door.
 18892 | Lair:2   | Noticed dvd's ghost (journeyman OpFE)
 18900 | Lair:2   | Killed dvd's ghost
 18955 | Lair:2   | Reached ****** piety under Trog
 19101 | Lair:2   | Found a staircase to the Snake Pit.
 19756 | Lair:3   | Got a crystal glaive
 19964 | Lair:3   | Found a glowing golden altar of the Shining One.
 20489 | Lair:4   | Received a gift from Trog
 20563 | Lair:4   | Noticed Rupert
 20575 | Lair:4   | Killed Rupert
 20905 | Lair:4   | Received a gift from Trog
 20920 | Lair:4   | Reached skill level 19 in Axes
 21231 | Lair:4   | Got a transparent ivory ring
 21233 | Lair:4   | Identified the ring of Haubenta {AC+1 Str+4 Stlth+} (You
                  | found it on level 4 of the Lair of Beasts)
 21392 | Lair:4   | Reached XP level 15. HP: 134/139 MP: 14/14
 21682 | Lair:4   | Found a staircase to the Swamp.
 22073 | Lair:5   | Found a staircase to the Slime Pits.
 22871 | Lair:5   | HP: 5/139 [basilisk (4)]
 23322 | Lair:5   | Received a gift from Trog
 23490 | Lair:5   | Got a polished scimitar
 23734 | Lair:6   | Entered Level 6 of the Lair of Beasts
 23768 | Lair:6   | Found the +7 Spriggan's Knife {stab, EV+4 Stlth+}
 24115 | Lair:6   | Identified the +6 scimitar of the Reaper {freeze, rF++}
                  | (You found it on level 5 of the Lair of Beasts)
 24116 | Lair:6   | Identified the +9 glaive of Destruction {antimagic, rN++
                  | Dex-4} (You found it on level 3 of the Lair of Beasts)
 24119 | Lair:6   | Identified a scroll of acquirement
 24418 | Lair:6   | Reached skill level 15 in Fighting
 24418 | Lair:6   | Reached skill level 1 in Evocations
 24731 | Lair:6   | Got a crude plate armour
 24754 | Lair:6   | Identified the cursed +1 plate armour "Zoudewn" {Str+3}
                  | (You found it on level 6 of the Lair of Beasts)
 24758 | Lair:6   | Gained mutation: You are frail. (-10% HP) [mutagenic glow]
 24792 | Lair:6   | Gained mutation: You are weak. (Str -2) [mutagenic glow]
 24898 | Lair:3   | Gained mutation: Your body sometimes deteriorates upon
                  | taking damage. [mutagenic glow]
 25333 | Lair:6   | Reached skill level 20 in Axes
 25337 | Lair:6   | Got an ancient plate armour
 25390 | Lair:2   | Got a shimmering scale mail
 25401 | Lair:2   | Identified the +1 scale mail "Matunynudi" {Dex+2} (You
                  | found it on level 2 of the Lair of Beasts)
 25411 | Lair:2   | Identified the +9 plate armour of the Undertaker {*Slow
                  | rPois rN+ Slay+2} (You found it on level 6 of the Lair of
                  | Beasts)
 25423 | Lair:1   | Gained mutation: Your magical capacity is low. (-10% MP)
                  | [mutagenic glow]
 25603 | Swamp:1  | Entered Level 1 of the Swamp
 25919 | Swamp:1  | Reached skill level 15 in Armour
 25927 | Swamp:1  | Noticed a thorn hunter
 26294 | Swamp:1  | Killed a thorn hunter
 26784 | Swamp:2  | Reached XP level 16. HP: 134/134 MP: 15/15
 26877 | Swamp:2  | Noticed Aizul
 26902 | Swamp:2  | Killed Aizul
 27805 | Swamp:2  | Received a gift from Trog
 28338 | Swamp:2  | Got a steaming trident
 28483 | Swamp:3  | Noticed Bai Suzhen
 28496 | Swamp:3  | HP: 2/193 [eight-headed hydra (11)]
 28496 | Swamp:3  | Noticed a thorn hunter
 28498 | Swamp:3  | Killed Bai Suzhen
 28505 | Swamp:3  | HP: 5/195 [thorn hunter (9)]
 28510 | Swamp:3  | HP: 9/195 [15-headed hydra (5)]
 28510 | Swamp:3  | HP: 3/195 [spiny frog (6)]
 28514 | Swamp:3  | Killed a thorn hunter
 28899 | Swamp:3  | Noticed Donald
 28910 | Swamp:3  | Killed Donald
 28910 | Swamp:3  | Reached skill level 21 in Axes
 28939 | Swamp:3  | Identified the +5 trident of the Lair of Beasts {drain,
                  | Int+3} (You found it on level 2 of the Swamp)
 29000 | Swamp:3  | Noticed a thorn hunter
 29003 | Swamp:3  | Received a gift from Trog
 29008 | Swamp:3  | Noticed Mara
 29014 | Swamp:3  | Killed a thorn hunter
 29025 | Swamp:3  | Noticed Borgoz's illusion
 29027 | Swamp:3  | HP: 5/130 [Mara/bolt of fire (35)]
 29029 | Swamp:3  | Slain by Borgoz's illusion

Skill      XL: |  1  2  3  4  5  6  7  8  9 10 11 12 13 14 15 16 |
---------------+-------------------------------------------------+-----
Axes           | 4 5 6 8 9 11 13 14 16 17 19 20 21 | 21.1
Fighting       | 4 5 6 7 8 9 11 12 13 14 15 | 15.9
Armour         | 3 4 5 6 8 9 10 12 13 14 15 | 15.7
Dodging        | 3 4 6 7 8 9 11 12 13 14 | 14.6
Evocations     | 2 4 |  4.8

Action                   |  1- 3 |  4- 6 |  7- 9 | 10-12 | 13-15 | 16-18 || total
-------------------------+-------+-------+-------+-------+-------+-------++-------
Melee: Hand axe          |    94 |   157 |   201 |   189 |   292 |       ||   933
       Headbutt          |     9 |    24 |    44 |   103 |   276 |    53 ||   509
       Battleaxe         |       |       |       |   233 |   480 |       ||   713
       Executioner's axe |       |       |       |       |   189 |   242 ||   431
Invok: Berserk           |       |       |     2 |     6 |     5 |     3 ||    16
       Trog's Hand       |       |       |     1 |     4 |     2 |     3 ||    10
Evoke: Wand              |       |       |       |     9 |     7 |       ||    16
  Use: Scroll            |       |     9 |       |    13 |    16 |     2 ||    40
       Potion            |       |       |     1 |     2 |     7 |       ||    10
  Eat: Chunk             |     1 |    16 |    14 |    28 |    34 |     9 ||   102
       Ration            |       |       |       |       |     2 |     1 ||     3
Armor: Animal skin       |     1 |       |       |       |       |       ||     1
       Scale mail        |    36 |     1 |       |       |       |       ||    37
       Chain mail        |       |    80 |    92 |   137 |   330 |       ||   639
       Leather armour    |       |       |       |    32 |       |       ||    32
       Plate armour      |       |       |       |       |   132 |   417 ||   549
Dodge: Dodged            |    62 |    70 |    83 |   308 |   731 |   342 ||  1596
